 Dungeon Sprint DCSS version 0.30-a0-799-g109b55a442 (webtiles) character file.

Game seed: 1551202973587433748

37 BigDaddyOpFi the Magician (level 3, 0/19 HPs)
             Began as a Deep Elf Air Elementalist on Feb 20, 2023.
             Was an Initiate of Vehumet.
             Slain by a vampire (11 damage)
             ... in the Dungeon (Sprint IX: "|||||||||||||||||||||||||||||").
             The game lasted 00:00:57 (206 turns).

BigDaddyOpFi the Magician (DEAE)                     Turns: 206, Time: 00:00:58

Health: 0/19       AC:  5    Str:  7    XL:     3   Next: 21%
Magic:  11/11      EV: 15    Int: 19    God:    Vehumet [......]
Gold:   0          SH:  0    Dex: 15    Spells: 10/11 levels left

rFire   . . .      SeeInvis .    k - +3 war axe (heavy)
rCold   . . .      Faith    .    (no shield)
rNeg    . . .      Spirit   .    a - +0 robe
rPois   .          Reflect  .    (no helmet)
rElec   .          Harm     .    (no cloak)
rCorr   .          Rampage  .    l - +0 pair of gloves
Will    .....      NoTele   +    (no boots)
Stlth   +++                      (no amulet)
HPRegen 0.23/turn                n - +2 ring of evasion
MPRegen 0.12/turn                m - +2 ring of protection

@: no status effects
A: no striking features
a: Renounce Religion


You were in the Dungeon.
You worshipped Vehumet.
Vehumet was noncommittal.
You visited 1 branch

Inventory:

Hand Weapons
 k - a +3 heavy war axe (weapon)
Armour
 a - a +0 robe (worn)
 l - a +0 pair of gloves (worn)
Jewellery
 m - a +2 ring of protection (right hand)
 n - a +2 ring of evasion (left hand)
Wands
 j - a wand of acid (8) (quivered)
Scrolls
 g - 2 scrolls of blinking
 i - 2 scrolls of amnesia
Potions
 b - 5 potions of magic
 c - a potion of invisibility
 e - a potion of haste
 f - 2 potions of heal wounds
 h - 4 potions of curing


   Skills:
 + Level 4.1 Dodging
 + Level 4.4 Stealth
 + Level 4.8 Spellcasting
 + Level 3.1 Conjurations
 + Level 4.1 Air Magic


You had 10 spell levels left.
You knew the following spells:

 Your Spells              Type           Power      Damage    Failure   Level
a - Shock                 Conj/Air       72%        1d7       2%          1

Your spell library contained the following spells:

 Spells                   Type           Power      Damage    Failure   Level
 Static Discharge         Conj/Air       36%        2-4/arc   4%          2
 Swiftness                Air            20%        N/A       7%          3
 Airstrike                Air            10%        2d(2-18)  22%         4


Dungeon Overview and Level Annotations

Branches:
Dungeon (1/1)

Altars:
Cheibriados
Dithmenos
Elyvilon
Fedhas
Gozag
Hepliaklqana
Kikubaaqudgha
Makhleb
Nemelex Xobeh
Okawaru
Qazlal
Ru
Sif Muna
Trog
Uskayaw
Vehumet
Wu Jian
Xom
Yredelemnul
Zin
The Shining One
Jiyva
Lugonu


Message History

You see here a +1 chain mail.
m - a +2 ring of protection
n - a +2 ring of evasion
n - a +2 ring of evasion (left hand)
m - a +2 ring of protection (right hand)
You start putting on your armour.
You continue putting on your +0 pair of gloves. x4
You finish putting on your +0 pair of gloves.
You drop a +0 club.
You open the door.
A vampire, a hornet, a centaur, 2 yaks and a troll come into view.
The centaur shouts!
The yak bellows!
The hornet buzzes angrily.
Aiming: Corrosive Bolt
Press: ? - help, Q - select action, (/) - cycle Shift-Dir - straight line, f - yak
Aim: a yak (83% to hit)
The bolt of acid hits the vampire!
The vampire is moderately damaged.
The bolt of acid misses the hornet.
The bolt of acid misses the centaur.
The bolt of acid hits the yak!
The acid corrodes the yak!
The yak is moderately wounded.
The troll shouts!
The vampire casts a spell.
The vampire flickers and vanishes!
Deactivating autopickup; reactivate with Ctrl-A.
Aiming: Corrosive Bolt
Press: ? - help, Q - select action, (/) - cycle Shift-Dir - straight line, f/p - yak
Aim: a yak (moderately wounded, covered in acid, 83% to hit)
The bolt of acid hits something.
The acid corrodes something!
The bolt of acid hits the hornet!
The hornet is moderately wounded.
The bolt of acid hits the centaur!
The acid corrodes the centaur!
The centaur is heavily wounded.
The bolt of acid misses the yak.
The bolt of acid hits the yak!
The acid corrodes the yak!
The yak is moderately wounded.
Something hits you! Something bites you!
Ouch! That really hurt!
You die...

▓.▓
▓.▓
▓)▓
▓.▓
▓[▓
▓.▓
▓[▓
▓.▓
▓@▓
▓{▓
▓y▓
▓c▓
▓Y▓
▓Y▓
▓.▓
▓T▓


You could see 2 yaks, a troll, a hornet and a centaur (corroded).

Vanquished Creatures
  3 adders (D)
  An orc (D)
  2 goblins (D)
  A hobgoblin (D)
  A kobold (D)
  A quokka (D)
  A bat (D)
10 creatures vanquished.

Notes
Turn   | Place    | Note
-------+----------+-------------------------------------------
     0 | D        | BigDaddyOpFi the Deep Elf Air Elementalist began the quest
                  | for the Orb.
     0 | D        | Reached XP level 1. HP: 10/10 MP: 6/6
    43 | D        | Reached XP level 2. HP: 15/15 MP: 6/9
    70 | D        | Reached XP level 3. HP: 4/19 MP: 1/11
   150 | D        | Found a snail-covered altar of Cheibriados.
   150 | D        | Found a shadowy altar of Dithmenos.
   150 | D        | Found a white marble altar of Elyvilon.
   150 | D        | Found a blossoming altar of Fedhas.
   150 | D        | Found an opulent altar of Gozag.
   151 | D        | Found a hazy altar of Hepliaklqana.
   152 | D        | Found a viscous altar of Jiyva.
   153 | D        | Found an ancient bone altar of Kikubaaqudgha.
   154 | D        | Found a corrupted altar of Lugonu.
   155 | D        | Found a burning altar of Makhleb.
   156 | D        | Found a sparkling altar of Nemelex Xobeh.
   157 | D        | Found an iron altar of Okawaru.
   158 | D        | Found a stormy altar of Qazlal.
   159 | D        | Found a sacrificial altar of Ru.
   160 | D        | Found a shimmering blue altar of Sif Muna.
   161 | D        | Found a bloodstained altar of Trog.
   162 | D        | Found a hide-covered altar of Uskayaw.
   163 | D        | Found a radiant altar of Vehumet.
   164 | D        | Found an ornate altar of the Wu Jian Council.
   165 | D        | Found a shimmering altar of Xom.
   166 | D        | Found a basalt altar of Yredelemnul.
   167 | D        | Found a glowing silver altar of Zin.
   168 | D        | Found a glowing golden altar of the Shining One.
   171 | D        | Became a worshipper of Vehumet
   204 | D        | Noticed a vampire
   204 | D        | Noticed a hornet
   204 | D        | Noticed a centaur
   204 | D        | Noticed a yak
   204 | D        | Noticed a yak
   204 | D        | Noticed a troll
   206 | D        | Slain by a vampire

Illustrated notes

Levels and vault maps discovered:
D:        linesprint [early_d, line_temple, items_1, d_10, items_2, lair_1,
          lair_end, items_3, orc_1, orc_end, items_4, d_15, swamp_1, shoals_1,
          snake_1, spider_1, d_20, vaults_1, items_5, swamp_end, shoals_end,
          snake_end, spider_end, vaults_end, d_27, items_6, zot_1, zot_end,
          crypt_end, forest_end, elf_end, slime_end, tomb_end, abyss_end,
          pan_hell_end]

Skill      XL: |  1  2 |
---------------+-------+-----
Dodging        | 3 4 |  4.1
Stealth        | 3 4 |  4.4
Conjurations   | 2 3 |  3.1
Spellcasting   | 4 |  4.8
Air Magic      | 4 |  4.1

Action                     || total
---------------------------++-------
  Melee: Club              ||    11
         Unarmed           ||     2
   Cast: Shock             ||    11
  Evoke: Wand              ||     2
    Use: Potion            ||     3
 Armour: Robe              ||     6
  Dodge: Dodged            ||    25

Table legend: (Time is in decaauts)
 A = Elapsed time spent in this place.
 B = Non-inter-level travel time spent in this place.
 C = Inter-level travel time spent in this place.
 D = Time resting spent in this place.
 E = Time spent auto-exploring this place.
 F = Levels seen in this place.
 G = Mean time per level.
                   A        B        C        D        E       F      G
               +--------+--------+--------+--------+--------+-----+--------+
         Total |    221 |    221 |      0 |    117 |      0 |   1 |  221.0 |
       Dungeon |    221 |    221 |      0 |    117 |      0 |   1 |  221.0 |
               +--------+--------+--------+--------+--------+-----+--------+

Top non-repeatable levels by time:
       D: 221 daAuts
